 Dungeon Crawl Stone Soup version 0.26-a0-661-g406de6ba63 (webtiles) character file.

Game seed: 14888553364744055570

224736 jasper the Grappler (level 19, -5/192 HPs)
             Began as a Gnoll Transmuter on Oct 8, 2020.
             Was the Champion of Cheibriados.
             Killed from afar by a merfolk aquamancer (34 damage)
             ... with a shard of ice
             ... on level 4 of the Shoals.
             The game lasted 01:39:39 (40321 turns).

jasper the Grappler (Gnoll Transmuter)             Turns: 40321, Time: 01:39:39

Health: -5/192     AC: 32    Str: 31    XL:     19   Next: 30%
Magic:  5/36       EV: 26    Int: 39    God:    Cheibriados [******]
Gold:   361        SH: 17    Dex: 28    Spells: 2/45 levels left

rFire    + + .     SeeInvis .     - Unarmed
rCold    + . .     Faith    .   c - +1 kite shield {rF+}
rNeg     + . .     Spirit   .   (armour currently unavailable)
rPois    ∞         Reflect  .   s - +2 hat {MR+}
rElec    +         Harm     .   e - scarf {rC+ rF+}
rCorr    .         Rampage  .   (gloves currently unavailable)
MR       +++..                  (boots currently unavailable)
Stlth    +++++++...             G - amulet of regeneration
HPRegen  0.82/turn              g - ring of Feriomm {+Blink rElec Int+3 Stlth+}
MPRegen  0.25/turn              T - ring of protection from magic

@: statue-form, very slow
A: distributed training, fangs 1, clumsy 1, strong nose
}: 1/15 runes: gossamer
a: End Transformation, Bend Time, Temporal Distortion, Slouch, Step From Time,
Renounce Religion, Evoke Blink


You were on level 4 of the Shoals.
You worshipped Cheibriados.
Cheibriados was exalted by your worship.
You were a stone statue.
You visited 6 branches of the dungeon, and saw 32 of its levels.

You collected 3122 gold pieces.
You spent 2761 gold pieces at shops.

Inventory:

Missiles
 r - 98 boomerangs (quivered)
 D - 15 throwing nets
 N - 51 poisoned darts
Armour
 c - a +1 kite shield of fire resistance (worn)
 e - a scarf of resistance (worn)
 o - the +4 moon troll leather armour (melded) {Spirit, Regen++ MP+5}
   (You bought it in a shop on level 7 of the Dungeon)

   It affects your magic capacity (+5).
   It increases your rate of regeneration.
 s - a +2 hat of magic resistance (worn)
 x - a +0 pair of boots (melded)
 H - a +0 pair of gloves (melded)
Jewellery
 g - the ring of Feriomm (left hand) {+Blink rElec Int+3 Stlth+}
   (You acquired it on level 2 of the Spider Nest)

   [ring of stealth]

   It affects your intelligence (+3).
   It insulates you from electricity.
   It lets you blink.
   It makes you more stealthy.
 v - an uncursed ring of positive energy
 C - an uncursed ring of resist corrosion
 E - an uncursed ring of see invisible
 G - an amulet of regeneration (around neck)
 J - an uncursed ring of fire
 T - a ring of protection from magic (right hand)
Wands
 h - a wand of flame (19)
 n - a wand of disintegration (17)
 Q - a wand of iceblast (17)
 S - a wand of digging (27)
 W - a wand of paralysis (23)
 Y - a wand of polymorph (26)
 Z - a wand of acid (8)
Scrolls
 a - a scroll of blinking
 i - 2 scrolls of silence
 u - 8 scrolls of magic mapping
 w - 13 scrolls of teleportation
 y - 14 scrolls of remove curse
 z - a scroll of vulnerability
 A - 6 scrolls of amnesia
 B - a scroll of torment
 K - 3 scrolls of immolation
 O - 3 scrolls of fog
 P - a scroll of identify
 U - 2 scrolls of summoning
 V - a scroll of fear
Potions
 d - 5 potions of mutation
 f - 2 potions of stabbing
 k - 2 potions of ambrosia
 l - a potion of cancellation
 m - 4 potions of lignification
 p - 3 potions of might
 q - 2 potions of brilliance
 t - 10 potions of curing
 F - 3 potions of flight
 I - 4 potions of magic
 L - 2 potions of resistance
 M - 2 potions of heal wounds
 X - 3 potions of invisibility
Miscellaneous
 b - a tin of tremorstones (inert)
 j - a box of beasts (3/3)
 R - a phantom mirror


   Skills:
 + Level 12.9 Fighting
 + Level 12.7 Short Blades
 + Level 12.7 Long Blades
 + Level 12.7 Axes
 + Level 12.7 Maces & Flails
 + Level 12.7 Polearms
 + Level 12.7 Staves
 + Level 12.7 Slings
 + Level 12.7 Bows
 + Level 12.7 Crossbows
 + Level 12.7 Throwing
 + Level 12.7 Armour
 + Level 13.4 Dodging
 + Level 12.7 Stealth
 + Level 12.7 Shields
 + Level 14.0 Unarmed Combat
 + Level 13.5 Spellcasting
 + Level 10.9 Conjurations
 + Level 10.9 Hexes
 + Level 10.9 Summonings
 + Level 10.9 Necromancy
 + Level 10.9 Translocations
 + Level 11.5 Transmutations
 + Level 10.9 Fire Magic
 + Level 10.9 Ice Magic
 + Level 10.9 Air Magic
 + Level 10.9 Earth Magic
 + Level 10.9 Poison Magic
 + Level 13.7 Invocations
 + Level 12.7 Evocations


You had 2 spell levels left.
You knew the following spells:

 Your Spells              Type           Power        Failure   Level
a - Animate Dead          Necr           #######...   1%          4
b - Orb of Destruction    Conj           #######...   17%         7
c - Shadow Creatures      Summ           N/A          3%          6
e - Tukima's Dance        Hex            #######.     1%          3
f - Apportation           Tloc           ######       1%          1
g - Iskenderun's Mystic   Conj/Tloc      #######.     1%          4
h - Statue Form           Tmut/Erth      #######..    2%          6
i - Freezing Cloud        Conj/Ice/Air   #######...   3%          6
j - Iron Shot             Conj/Erth      #######...   3%          6

Your spell library contained the following spells:

 Spells                   Type           Power        Failure   Level
 Beastly Appendage        Tmut           ######       0%          1
 Animate Skeleton         Necr           ######       1%          1
 Corona                   Hex            #######      1%          1
 Magic Dart               Conj           ####         1%          1
 Pain                     Necr           ####         1%          1
 Sandblast                Erth           ######       1%          1
 Shock                    Conj/Air       ####         1%          1
 Summon Small Mammal      Summ           ####         1%          1
 Call Imp                 Summ           #######.     1%          2
 Ensorcelled Hibernation  Hex/Ice        ######       1%          2
 Passwall                 Tmut/Erth      #######.     1%          2
 Searing Ray              Conj           ######       1%          2
 Swiftness                Air            #######.     1%          2
 Wereblood                Tmut           #######.     1%          2
 Call Canine Familiar     Summ           #######.     1%          3
 Confusing Touch          Hex            #######.     1%          3
 Dazzling Flash           Conj/Hex       ######       1%          3
 Gell's Gravitas          Tloc           #######...   1%          3
 Portal Projectile        Hex/Tloc       ######       1%          3
 Spider Form              Tmut/Pois      #######...   1%          3
 Static Discharge         Conj/Air       #######.     1%          3
 Stone Arrow              Conj/Erth      ######       1%          3
 Summon Guardian Golem    Hex/Summ       #######.     1%          3
 Vampiric Draining        Necr           #######...   1%          3
 Airstrike                Air            #######...   1%          4
 Fulminant Prism          Conj/Hex       #######...   1%          4
 Ice Form                 Ice/Tmut       #######.     1%          4
 Petrify                  Tmut/Erth      #######.     1%          4
 Summon Ice Beast         Ice/Summ       #######.     1%          4
 Summon Lightning Spire   Summ/Air       #######.     1%          4
 Agony                    Necr           #######.     1%          5
 Blade Hands              Tmut           #######...   1%          5
 Bolt of Magma            Conj/Fire/Erth #######...   1%          5
 Irradiate                Conj/Tmut      #######...   1%          5
 Iskenderun's Battlesphe  Conj           #######.     1%          5
 Lee's Rapid Deconstruct  Erth           #######...   1%          5
 Lightning Bolt           Conj/Air       #######...   1%          5
 Metabolic Englaciation   Hex/Ice        #######...   1%          5
 Summon Demon             Summ           #######...   1%          5
 Summon Forest            Summ/Tloc      #######...   1%          5
 Summon Mana Viper        Hex/Summ       #######.     1%          5
 Yara's Violent Unravell  Hex/Tmut       #######...   1%          5
 Hydra Form               Tmut           #######...   2%          6
 Dispersal                Tloc           #######...   3%          6
 Ozocubu's Refrigeration  Ice            #######...   3%          6
 Simulacrum               Ice/Necr       #######...   3%          6
 Dragon Form              Tmut           #######...   13%         7
 Spellforged Servitor     Conj/Summ      #######...   17%         7
 Summon Hydra             Summ           #######...   17%         7
 Disjunction              Tloc           #######...   78%         8


Dungeon Overview and Level Annotations

Branches:
Dungeon (15/15)            Temple (1/1) D:4            Lair (6/6) D:11
 Shoals (4/4) Lair:4       Spider (4/4) Lair:3        Slime (0/5) Lair:5
    Orc (2/2) D:9             Elf (0/3) Orc:2        Vaults (0/5) D:13
 Depths (0/5) D:15

Altars:
Ashenzari
Cheibriados
Dithmenos
Elyvilon
Fedhas
Gozag
Hepliaklqana
Kikubaaqudgha
Makhleb
Nemelex Xobeh
Okawaru
Qazlal
Ru
Sif Muna
Trog
Uskayaw
Vehumet
Wu Jian
Xom
Yredelemnul
Zin
The Shining One
Beogh
Jiyva

Shops:
D:7 [   Orc:2 [(?:

Annotations:
D:12 Nessos
Shoals:1 1 transporter, Ullipcorian's ghost, adept HOFi
Spider:3 2 runed translucent doors, Cumifues's ghost, journeyman MiMo; Roxanne


Innate Abilities, Weirdness & Mutations

Your experience applies equally to all skills.
You have very sharp teeth.
Your uncanny sense of smell can sniff out nearby items.
You are clumsy. (Dex -2)


Message History

You assume a fearsome visage.
The merfolk aquamancer resists with some effort.
The merfolk javelineer looks frightened!
The merfolk looks frightened!
The snapping turtle looks frightened!
The merfolk javelineer looks frightened!
The merfolk looks frightened! x2; The snapping turtle looks frightened!
The merfolk looks frightened!
The dream sheep easily resists.
The dream sheep looks frightened!
A frightened dream sheep leaps away.
The dream sheep easily resists.
The sentinel's mark upon you fades away.
You block the merfolk aquamancer's attack.
Unknown command.
Unknown command.
Unknown command.
Press: ? - help, Dir - move target cursor
As you read the scroll of blinking, it crumbles to dust.
The merfolk aquamancer gestures at you while chanting.
The shard of ice hits you!! You partially resist.
You die...

{{{{{t{{{{{{{{{.{{{{{{{
{{{{{{m{{{{{{...{{{{{{{{
{{{{{{{{{{m{m{(...{{{{{{{
{{{tm{{{{{{{{.##...{{{{{{
{{{{{{{){{{{[.# #.{{{{{{{
{{{{{{{).){{{.# #..{{{{{{
{{{{{){..)){{.###.†{{{{{{
{{{{{{{{{){{)).##.{{P{{{{
{{{t{{{†m{8{{{..({{{{{{{{
{{{{{{†{†{({{{{{{{{{{{{{{


{{{{{{P{{({{{{{{{{{{{{{{{ {{m{{{{{{{{{{{P{{{P{{{{{. {{{{Y{(P({{.....{{{{{{°{.
{{Ym.(...........{{{{{{{. {{{Y(...(P..#####{{{{{{m... {{##'##....## #{{{{P{...
{##{{ ##...# {{..... You could see 2 merfolk javelineers, a merfolk aquamancer,
2 snapping turtles, 3 merfolk and 2 dream sheep.

Vanquished Creatures
  Rupert (Lair:6)
  Polyphemus (Shoals:2)
  Gastronok (D:8)
  2 orc warlords
  5 ghost moths (Spider:4)
  5 emperor scorpions
  A very ugly thing (D:15)
  An ironheart preserver (D:13)
  3 entropy weavers
  Azrael (D:14)
  3 spark wasps
  3 merfolk javelineers (Shoals:4)
  14 merfolk impalers
  Snorg (D:14)
  Josephine (D:14)
  Erolcha (D:10)
  3 boulder beetles
  2 merfolk avatars
  9 hydras
  2 catoblepae
  4 two-headed ogres
  Erica (D:10)
  5 centaur warriors
  3 alligator snapping turtles
  6 merfolk aquamancers
  3 satyrs
  21 death yaks
  4 tengu warriors
  Sonja (Lair:2)
  12 sea snakes
  5 skeletal warriors
  A wizard (D:15)
  2 unseen horrors (D:15)
  An orc knight (Orc:1)
  A lindwurm (Lair:6)
  6 ugly things
  22 harpies
  10 orb spiders
  33 wolf spiders
  10 fauns
  12 manticores
  8 orc sorcerers
  An oklob plant (Orc:1)
  7 cyclopes
  4 centaur zombies
  6 black mambas
  A naga mage (D:15)
  Psyche (D:8)
  2 moths of wrath
  9 water nymphs
  3 elephants (Lair:5)
  Maurice (D:8)
  5 merfolk sirens
  A centaur skeleton (D:14)
  A gargoyle (D:13)
  4 torpor snails
  13 rime drakes
  10 cane toads
  Maggie (D:8)
  2 kobold demonologists (D:15)
  5 komodo dragons
  10 demonic crawlers
  3 freezing wraiths
  30 jumping spiders
  44 merfolk
  11 trolls
  9 hornets
  12 wind drakes
  15 blink frogs
  6 polar bears
  10 dream sheep
  A harpy skeleton (D:15)
  A slime creature (D:10)
  2 meliai zombies
  A centaur simulacrum (D:15)
  6 snapping turtles
  24 tarantellas
  53 redbacks
  11 spriggans
  38 yaks
  A vampire (D:12)
  11 water elementals
  2 shadows
  6 wraiths
  3 wyverns
  5 basilisks
  5 fire elementals (D:14)
  6 steam dragons (Lair:2)
  6 vampire mosquitoes (D:13)
  11 wargs
  A harpy simulacrum (D:15)
  2 hell hounds (D:14)
  Duvessa (D:4)
  15 water moccasins
  3 phantoms
  2 ice beasts
  3 black bears (Lair:6)
  6 necrophages
  2 sky beasts
  39 orc warriors
  13 ogres
  5 boggarts (Lair:6)
  20 centaurs
  23 wolves
  3 big kobolds
  16 bullfrogs
  A gnoll sergeant (D:9)
  Dowan (D:4)
  A scorpion (D:7)
  11 killer bees
  9 wights
  3 howler monkeys
  5 electric eels
  3 bullfrog zombies
  2 quasits
  9 hounds
  7 jellies
  52 orc wizards
  24 orc priests
  8 iguanas
  5 hell rats (Lair:3)
  16 worker ants
  2 hound zombies
  A worker ant zombie (D:6)
  9 adders
  10 gnolls
  A shadow imp (D:10)
  4 white imps
  An ufetubus (D:5)
  2 adder skeletons
  A worm (D:5)
  3 dart slugs
  6 leopard geckos
  142 orcs
  6 bats
  5 giant cockroaches
  7 goblins
  7 hobgoblins
  6 jackals
  19 kobolds
  4 quokkas
  4 ball pythons
  6 frilled lizards
  A leopard gecko skeleton (D:4)
  A quokka zombie (D:3)
  6 rats
1216 creatures vanquished.

Vanquished Creatures (collateral kills)
  An ettin (D:9)
  Harold (D:10)
  A two-headed ogre (D:12)
  A satyr (Shoals:2)
  An orc knight (D:15)
  5 fauns (Shoals:2)
  A cyclops (Shoals:1)
  2 moths of wrath (Shoals:1)
  An orc warrior (D:15)
  A centaur (D:9)
15 creatures vanquished.

Vanquished Creatures (others)
  A necromancer (D:15)
  2 dancing weapons (D:8)
  2 orcs
  10 bushes (D:15)
  41 fungi
  95 plants
151 creatures vanquished.

Grand Total: 1382 creatures vanquished

Notes
Turn   | Place    | Note
-------+----------+-------------------------------------------
     0 | D:1      | jasper the Gnoll Transmuter began the quest for the Orb.
     0 | D:1      | Reached XP level 1. HP: 17/17 MP: 6/6
   376 | D:1      | Reached XP level 2. HP: 22/23 MP: 5/7
   676 | D:1      | Reached XP level 3. HP: 28/28 MP: 7/9
   680 | D:1      | Reached skill level 5 in Spellcasting
   685 | D:1      | Learned a level 3 spell: Spider Form
  1031 | D:2      | Reached skill level 1 in Invocations
  1520 | D:2      | Reached skill level 1 in Short Blades
  1520 | D:2      | Reached skill level 1 in Long Blades
  1520 | D:2      | Reached skill level 1 in Axes
  1520 | D:2      | Reached skill level 1 in Maces & Flails
  1520 | D:2      | Reached skill level 1 in Polearms
  1520 | D:2      | Reached skill level 1 in Staves
  1520 | D:2      | Reached skill level 1 in Slings
  1520 | D:2      | Reached skill level 1 in Bows
  1520 | D:2      | Reached skill level 1 in Crossbows
  1520 | D:2      | Reached skill level 1 in Throwing
  1520 | D:2      | Reached skill level 1 in Armour
  1520 | D:2      | Reached skill level 1 in Stealth
  1520 | D:2      | Reached skill level 1 in Shields
  1520 | D:2      | Reached skill level 1 in Evocations
  1667 | D:3      | Reached XP level 4. HP: 34/34 MP: 9/11
  1692 | D:3      | Reached skill level 1 in Conjurations
  1692 | D:3      | Reached skill level 1 in Hexes
  1692 | D:3      | Reached skill level 1 in Summonings
  1692 | D:3      | Reached skill level 1 in Necromancy
  1692 | D:3      | Reached skill level 1 in Translocations
  1692 | D:3      | Reached skill level 1 in Fire Magic
  1692 | D:3      | Reached skill level 1 in Ice Magic
  1692 | D:3      | Reached skill level 1 in Air Magic
  1692 | D:3      | Reached skill level 1 in Earth Magic
  1692 | D:3      | Reached skill level 1 in Poison Magic
  1883 | D:3      | Reached XP level 5. HP: 40/40 MP: 10/12
  1889 | D:3      | Learned a level 4 spell: Ice Form
  1895 | D:3      | Learned a level 5 spell: Blade Hands
  2115 | D:3      | Noticed an ogre
  2132 | D:3      | Killed an ogre
  2819 | D:4      | Reached XP level 6. HP: 47/47 MP: 9/13
  2970 | D:4      | Reached skill level 5 in Dodging
  3056 | D:4      | Found a shadowy altar of Dithmenos.
  3063 | D:4      | Noticed Duvessa
  3064 | D:4      | Noticed Dowan
  3097 | D:4      | Killed Duvessa
  3097 | D:4      | Reached XP level 7. HP: 36/52 MP: 15/15
  3107 | D:4      | Killed Dowan
  3107 | D:4      | Reached skill level 7 in Unarmed Combat
  3320 | D:4      | Found a staircase to the Ecumenical Temple.
  3326 | Temple   | Entered the Ecumenical Temple
  3454 | Temple   | Became a worshipper of Cheibriados the Contemplative
  3631 | D:4      | Found a sparkling altar of Nemelex Xobeh.
  3997 | D:5      | Entered Level 5 of the Dungeon
  4120 | D:5      | Found a white marble altar of Elyvilon.
  4512 | D:5      | Reached XP level 8. HP: 60/60 MP: 12/16
  4712 | D:5      | Reached * piety under Cheibriados
  5240 | D:5      | Learned a level 4 spell: Animate Dead
  5728 | D:6      | Found a blossoming altar of Fedhas.
  5728 | D:6      | Found a sparkling altar of Nemelex Xobeh.
  5748 | D:6      | Found an ornate altar of the Wu Jian Council.
  5812 | D:6      | Reached ** piety under Cheibriados
  6202 | D:6      | Reached skill level 5 in Transmutations
  6202 | D:6      | Reached XP level 9. HP: 46/66 MP: 2/18
  6758 | D:7      | Found Zoadoy's Armour Shoppe.
  6873 | D:7      | Found a sparkling altar of Nemelex Xobeh.
  7148 | D:8      | Learned a level 3 spell: Tukima's Dance
  7208 | D:8      | Noticed Maggie
  7239 | D:8      | Killed Maggie
  7448 | D:8      | Reached skill level 5 in Fighting
  7564 | D:8      | Noticed Gastronok
  7732 | D:9      | Noticed a manticore
  7739 | D:9      | Noticed a two-headed ogre
  7926 | D:10     | Entered Level 10 of the Dungeon
  7960 | D:10     | Noticed a cyclops
  8042 | D:10     | Reached skill level 8 in Unarmed Combat
  8047 | D:10     | Noticed Erica
  8301 | D:10     | Reached skill level 5 in Invocations
  8364 | D:10     | Noticed Harold
  8444 | D:10     | Reached *** piety under Cheibriados
  8444 | D:10     | Noticed Erolcha
  8450 | D:10     | Killed Erolcha
  8450 | D:10     | Reached skill level 5 in Short Blades
  8450 | D:10     | Reached skill level 5 in Long Blades
  8450 | D:10     | Reached skill level 5 in Axes
  8450 | D:10     | Reached skill level 5 in Maces & Flails
  8450 | D:10     | Reached skill level 5 in Polearms
  8450 | D:10     | Reached skill level 5 in Staves
  8450 | D:10     | Reached skill level 5 in Slings
  8450 | D:10     | Reached skill level 5 in Bows
  8450 | D:10     | Reached skill level 5 in Crossbows
  8450 | D:10     | Reached skill level 5 in Throwing
  8450 | D:10     | Reached skill level 5 in Armour
  8450 | D:10     | Reached skill level 5 in Stealth
  8450 | D:10     | Reached skill level 5 in Shields
  8450 | D:10     | Reached skill level 5 in Evocations
  8450 | D:10     | Reached XP level 10. HP: 76/76 MP: 11/20
  8593 | D:10     | Found a viscous altar of Jiyva.
  8940 | D:10     | Noticed a two-headed ogre
  8947 | D:10     | Killed a two-headed ogre
  9233 | D:11     | Learned a level 1 spell: Apportation
  9398 | D:11     | Noticed a brown ugly thing
  9436 | D:12     | Noticed a cyclops
  9445 | D:12     | Killed a cyclops
  9466 | D:12     | Gained mutation: You are clumsy. (Dex -2) [mutagenic glow]
  9560 | D:12     | Noticed a two-headed ogre
  9570 | D:12     | Killed a two-headed ogre
  9827 | D:11     | Killed a brown ugly thing
  9827 | D:11     | Reached XP level 11. HP: 56/83 MP: 22/22
  9853 | D:10     | Killed Harold
  9853 | D:10     | Reached skill level 9 in Unarmed Combat
 10222 | D:8      | Noticed Maurice
 10270 | D:8      | Noticed a two-headed ogre
 10276 | D:8      | Killed a two-headed ogre
 10276 | D:8      | Reached skill level 5 in Conjurations
 10276 | D:8      | Reached skill level 5 in Hexes
 10276 | D:8      | Reached skill level 5 in Summonings
 10276 | D:8      | Reached skill level 5 in Necromancy
 10276 | D:8      | Reached skill level 5 in Translocations
 10276 | D:8      | Reached skill level 5 in Fire Magic
 10276 | D:8      | Reached skill level 5 in Ice Magic
 10276 | D:8      | Reached skill level 5 in Air Magic
 10276 | D:8      | Reached skill level 5 in Earth Magic
 10276 | D:8      | Reached skill level 5 in Poison Magic
 10421 | D:8      | Killed Maurice
 10421 | D:8      | Reached **** piety under Cheibriados
 10481 | D:8      | Killed Gastronok
 10746 | D:8      | Noticed Psyche
 10757 | D:8      | Killed Psyche
 10856 | D:9      | Killed a two-headed ogre
 10859 | D:9      | Killed a manticore
 11344 | D:9      | Found a staircase to the Orcish Mines.
 11351 | D:9      | Reached ***** piety under Cheibriados
 11464 | D:9      | Found a basalt altar of Yredelemnul.
 11807 | D:10     | Found a stormy altar of Qazlal.
 11907 | D:10     | Killed a cyclops
 11950 | D:10     | Killed Erica
 11950 | D:10     | Reached XP level 12. HP: 91/91 MP: 19/24
 12150 | D:11     | Found a staircase to the Lair.
 12924 | Lair:1   | Entered Level 1 of the Lair of Beasts
 14137 | Lair:2   | Noticed a death yak
 14139 | Lair:2   | Noticed a death yak
 14142 | Lair:2   | Noticed a death yak
 14148 | Lair:1   | Killed a death yak
 14148 | Lair:1   | Reached skill level 10 in Unarmed Combat
 14150 | Lair:2   | Noticed a death yak
 14158 | Lair:1   | Killed a death yak
 14541 | Lair:2   | Reached XP level 13. HP: 25/98 MP: 19/26
 15082 | Lair:2   | Noticed Sonja
 15088 | Lair:2   | Killed Sonja
 16142 | Lair:3   | Found a hole to the Spider Nest.
 16587 | Lair:3   | You fall into a shaft and drop 2 floors!
 17471 | Lair:4   | Found a staircase to the Shoals.
 18549 | Lair:5   | Reached skill level 10 in Spellcasting
 18814 | Lair:5   | Found a staircase to the Slime Pits.
 19524 | Orc:1    | Entered Level 1 of the Orcish Mines
 19528 | Orc:1    | Noticed an orc warlord
 19535 | D:9      | Learned a level 4 spell: Iskenderun's Mystic Blast
 19536 | Orc:1    | Noticed an ettin
 19782 | D:12     | Reached XP level 14. HP: 108/108 MP: 26/28
 19824 | D:12     | Reached skill level 10 in Dodging
 20192 | D:12     | Reached skill level 11 in Unarmed Combat
 20365 | D:12     | Noticed Nessos
 20629 | D:13     | Reached ****** piety under Cheibriados
 20738 | D:13     | Found a gate to the Vaults.
 20738 | D:13     | Noticed an ironheart preserver
 20744 | D:13     | Killed an ironheart preserver
 21006 | D:13     | Found a burning altar of Makhleb.
 21022 | D:13     | Reached skill level 10 in Invocations
 21165 | D:13     | Found a hide-covered altar of Uskayaw.
 22059 | D:7      | Bought the +4 moon troll leather armour {Spirit, Regen++
                  | MP+5} for 763 gold pieces
 22059 | D:7      | Found the +4 moon troll leather armour {Spirit, Regen++
                  | MP+5}
 22270 | D:14     | Noticed Snorg
 22287 | D:14     | Killed Snorg
 22400 | D:14     | Noticed Azrael
 22650 | Lair:6   | Entered Level 6 of the Lair of Beasts
 22736 | Lair:6   | Noticed Rupert
 22749 | Lair:6   | Killed Rupert
 22871 | Lair:6   | Reached skill level 10 in Fighting
 22877 | Lair:6   | Reached XP level 15. HP: 54/115 MP: 13/29
 23459 | Lair:6   | Reached skill level 10 in Short Blades
 23459 | Lair:6   | Reached skill level 10 in Long Blades
 23459 | Lair:6   | Reached skill level 10 in Axes
 23459 | Lair:6   | Reached skill level 10 in Maces & Flails
 23459 | Lair:6   | Reached skill level 10 in Polearms
 23459 | Lair:6   | Reached skill level 10 in Staves
 23459 | Lair:6   | Reached skill level 10 in Slings
 23459 | Lair:6   | Reached skill level 10 in Bows
 23459 | Lair:6   | Reached skill level 10 in Crossbows
 23459 | Lair:6   | Reached skill level 10 in Throwing
 23459 | Lair:6   | Reached skill level 10 in Armour
 23459 | Lair:6   | Reached skill level 10 in Stealth
 23459 | Lair:6   | Reached skill level 10 in Shields
 23459 | Lair:6   | Reached skill level 10 in Evocations
 24628 | D:9      | Killed an orc warlord
 25459 | Orc:2    | Entered Level 2 of the Orcish Mines
 25459 | Orc:2    | Noticed an orc warlord
 25466 | Orc:2    | Reached skill level 12 in Unarmed Combat
 25478 | Orc:2    | Killed an orc warlord
 25603 | Orc:2    | Paralysed by an orc sorcerer for 7 turns
 25683 | Orc:2    | Found a staircase to the Elven Halls.
 26000 | Orc:2    | Found a roughly hewn altar of Beogh.
 26013 | Orc:2    | Found Zifympol's Antique Weapon Shoppe.
 26041 | Orc:2    | Found Ofay's Antique Armour Shop.
 26123 | Orc:2    | Found Uprabbia's Magic Scroll Shop.
 26123 | Orc:2    | Found Juneytz's Book Shoppe.
 26137 | Orc:2    | Bought a book of Transfigurations for 990 gold pieces
 26152 | Orc:2    | Bought a scroll of teleportation for 36 gold pieces
 26152 | Orc:2    | Bought a scroll of blinking for 90 gold pieces
 26152 | Orc:2    | Bought a scroll of teleportation for 36 gold pieces
 26152 | Orc:2    | Bought a scroll of teleportation for 36 gold pieces
 26159 | Orc:2    | Learned a level 6 spell: Statue Form
 26710 | Orc:1    | Reached XP level 16. HP: 124/124 MP: 31/31
 27380 | D:14     | Killed Azrael
 27781 | D:14     | Noticed Josephine
 27792 | D:14     | Killed Josephine
 28038 | D:15     | Entered Level 15 of the Dungeon
 28128 | D:15     | Got a crude graven amulet
 28152 | D:15     | Found a stormy altar of Qazlal.
 28183 | D:15     | Identified the amulet of Hotawoll {Spirit Fragile MP+9
                  | Str+4} (You found it on level 15 of the Dungeon)
 28524 | D:15     | Identified the +8 scimitar of Onupn {flame, rF+ rN+ Int+3
                  | Dex+4}
 29167 | D:15     | Reached skill level 10 in Transmutations
 29273 | D:15     | Found a staircase to the Depths.
 29478 | Spider:1 | Entered Level 1 of the Spider Nest
 31297 | Spider:2 | Reached XP level 17. HP: 131/131 MP: 33/33
 31551 | Spider:2 | Identified a scroll of acquirement
 31551 | Spider:2 | Acquired the ring of Feriomm {+Blink rElec Int+3 Stlth+}
 31937 | Spider:2 | Learned a level 6 spell: Freezing Cloud
 32363 | Spider:3 | Noticed Roxanne
 32382 | Spider:3 | Found a large runed translucent door.
 32382 | Spider:3 | Found a large runed translucent door.
 32382 | Spider:3 | Noticed Cumifues's ghost (journeyman MiMo)
 32541 | Spider:4 | Entered Level 4 of the Spider Nest
 32818 | Spider:4 | Reached skill level 13 in Unarmed Combat
 33340 | Spider:4 | Reached skill level 10 in Conjurations
 33340 | Spider:4 | Reached skill level 10 in Hexes
 33340 | Spider:4 | Reached skill level 10 in Summonings
 33340 | Spider:4 | Reached skill level 10 in Necromancy
 33340 | Spider:4 | Reached skill level 10 in Translocations
 33340 | Spider:4 | Reached skill level 10 in Fire Magic
 33340 | Spider:4 | Reached skill level 10 in Ice Magic
 33340 | Spider:4 | Reached skill level 10 in Air Magic
 33340 | Spider:4 | Reached skill level 10 in Earth Magic
 33340 | Spider:4 | Reached skill level 10 in Poison Magic
 34001 | Spider:4 | Got a gossamer rune of Zot
 34168 | Shoals:1 | Entered Level 1 of the Shoals
 34185 | Shoals:1 | Identified the +2 trident of Neurosis {antimagic, Int+7
                  | Dex+3}
 34185 | Shoals:1 | Noticed Ullipcorian's ghost (adept HOFi)
 34205 | Lair:4   | Reached XP level 18. HP: 111/140 MP: 20/34
 34446 | Orc:2    | Bought a book of Power for 810 gold pieces
 34453 | Orc:2    | Learned a level 6 spell: Iron Shot
 34805 | Shoals:1 | Found a bloodstained altar of Trog.
 34812 | Shoals:1 | Found a transporter.
 34841 | Shoals:1 | Identified the +6 trident of Autumn {vorpal, Int+6}
 34842 | Shoals:1 | Identified the cursed ring "Itaerarr" {rF+ rC+ rN++ EV-4
                  | Stlth-}
 34916 | Shoals:1 | Found a transporter.
 35444 | Shoals:1 | Learned a level 7 spell: Orb of Destruction
 36158 | Shoals:2 | Noticed Polyphemus
 36239 | Shoals:2 | Killed Polyphemus
 38114 | Shoals:4 | Entered Level 4 of the Shoals
 38384 | Shoals:3 | Learned a level 6 spell: Shadow Creatures
 38905 | Shoals:4 | Reached XP level 19. HP: 148/148 MP: 22/36
 40298 | Shoals:4 | Reached skill level 14 in Unarmed Combat
 40321 | Shoals:4 | Killed from afar by a merfolk aquamancer

Illustrated notes

Levels and vault maps discovered:
D:1:      lightli_molten_gateway, layout_loops_ring, wad_floor_pattern_untrapped
D:2:      layout_basic
D:3:      layout_loops_corners
D:4:      layout_loops_ring, grunt_dithmenos_smoke,
          minmay_temple_entry_statues_pillars,
          nemelex_xobeh_ov_fountains_minmay, uniq_duvessa
D:5:      minmay_recursive_quarters, layout_basic, elyvilon_altar_4
D:6:      layout_cave_pools, nicolae_overflow_hidden_temple
D:7:      layout_cave_pools, serial_shops, kennysheep_little_box,
          nemelex_lonely_heart_becter
D:8:      layout_basic, minmay_misc_feat_rows, uniq_maggie, uniq_maurice,
          uniq_gastronok, uniq_psyche
D:9:      layout_rooms, lemuel_crystal_altar, erik_orc_4
D:10:     layout_grid_maze, basic_altar, jiyva_altar_1, uniq_erica,
          uniq_erolcha, uniq_harold
D:11:     layout_basic, erik_lair_island
D:12:     layout_layer_cave, uniq_nessos
D:13:     layout_basic, skrybe_vaults_entry_preservation,
          hangedman_feature_mirror, the_bakery
D:14:     layout_rooms, portal_ice_cave_rime, minivault_19, uniq_azrael,
          uniq_snorg, uniq_josephine
D:15:     grunt_enter_depths_magical_seal, layout_long_grid, serial_park_gazebo
          [serial_park_minivault_5x5_4], basic_altar, glass_columns_c
Temple:   nicolae_temple_elliptical
Lair:1:   layout_regular_city, serial_bayou_shore_a
Lair:2:   layout_long_grid, bobbens_dragon_lair_wall, uniq_sonja
Lair:3:   layout_roguey, spider_nest_entry_web_field, roderic_carrion_pond
Lair:4:   layout_cave_shapes, elwin_shoals_entry_stream, serial_bayou_shore_b
Lair:5:   layout_regular_city, slime_dummy
Lair:6:   minmay_lair_end_enchanted_forest, layout_concentric_octagons,
          serial_bayou_shore_b, grunt_megastairs_3, lemuel_fruit_tree,
          uniq_rupert
Shoals:1: layout_shoals, gammafunk_ghost_wrathful_warriors
Shoals:2: layout_shoals, uniq_polyphemus
Shoals:3: layout_shoals
Shoals:4: shoals_end_simple, layout_shoals
Spider:1: layout_chambers, drop_trap, guppyfry_spider_mini_3
Spider:2: layout_spider_delve
Spider:3: layout_spider_delve, ebering_ghost_disaster_area, hive_lemuel,
          uniq_roxanne
Spider:4: spider_rune_water
Orc:1:    minmay_goldmine, layout_caves, mines3_lemuel
Orc:2:    st_orc_town, layout_caves, nicolae_volcano_entry_two_sided

Skill      XL: |  1  2  3  4  5  6  7  8  9 10 11 12 13 14 15 16 17 18 19 |
---------------+----------------------------------------------------------+-----
Spellcasting   | 5 6 7 8 9 10 11 12 13 | 13.5
Invocations    | 1 2 3 4 5 6 7 8 9 10 11 12 13 | 13.7
Short Blades   | 1 2 3 5 6 7 8 9 10 11 12 | 12.7
Long Blades    | 1 2 3 5 6 7 8 9 10 11 12 | 12.7
Axes           | 1 2 3 5 6 7 8 9 10 11 12 | 12.7
Maces & Flails | 1 2 3 5 6 7 8 9 10 11 12 | 12.7
Polearms       | 1 2 3 5 6 7 8 9 10 11 12 | 12.7
Staves         | 1 2 3 5 6 7 8 9 10 11 12 | 12.7
Slings         | 1 2 3 5 6 7 8 9 10 11 12 | 12.7
Bows           | 1 2 3 5 6 7 8 9 10 11 12 | 12.7
Crossbows      | 1 2 3 5 6 7 8 9 10 11 12 | 12.7
Throwing       | 1 2 3 5 6 7 8 9 10 11 12 | 12.7
Armour         | 1 2 3 5 6 7 8 9 10 11 12 | 12.7
Stealth        | 1 2 3 5 6 7 8 9 10 11 12 | 12.7
Shields        | 1 2 3 5 6 7 8 9 10 11 12 | 12.7
Evocations     | 1 2 3 5 6 7 8 9 10 11 12 | 12.7
Conjurations   | 1 2 3 4 5 6 7 8 9 10 | 10.9
Hexes          | 1 2 3 4 5 6 7 8 9 10 | 10.9
Summonings     | 1 2 3 4 5 6 7 8 9 10 | 10.9
Necromancy     | 1 2 3 4 5 6 7 8 9 10 | 10.9
Translocations | 1 2 3 4 5 6 7 8 9 10 | 10.9
Fire Magic     | 1 2 3 4 5 6 7 8 9 10 | 10.9
Ice Magic      | 1 2 3 4 5 6 7 8 9 10 | 10.9
Air Magic      | 1 2 3 4 5 6 7 8 9 10 | 10.9
Earth Magic    | 1 2 3 4 5 6 7 8 9 10 | 10.9
Poison Magic   | 1 2 3 4 5 6 7 8 9 10 | 10.9
Fighting       | 3 4 5 6 7 8 9 10 11 12 | 12.9
Transmutations | 4 5 6 7 8 9 10 11 | 11.5
Dodging        | 5 6 7 8 9 10 11 12 13 | 13.4
Unarmed Combat | 7 8 9 10 11 12 13 14 | 14.0

Action                   |  1- 3 |  4- 6 |  7- 9 | 10-12 | 13-15 | 16-18 | 19-21 || total
-------------------------+-------+-------+-------+-------+-------+-------+-------++-------
Melee: Unarmed           |    87 |   106 |   279 |   363 |   860 |   901 |    34 ||  2630
       Kick              |     9 |     2 |       |       |       |       |       ||    11
       Headbutt          |     5 |     5 |       |       |       |       |       ||    10
       Bite              |     3 |     4 |    15 |    44 |   139 |   169 |     4 ||   378
       Punch             |       |     1 |     3 |     7 |    32 |       |       ||    43
Throw: Stone             |     7 |       |       |       |       |       |       ||     7
       Boomerang         |       |     5 |    39 |    23 |   112 |   202 |    22 ||   403
 Cast: Beastly Appendage |    10 |     5 |       |       |       |       |       ||    15
       Spider Form       |     1 |     6 |    19 |       |     1 |       |       ||    27
       Ice Form          |       |       |     5 |    12 |    12 |       |       ||    29
       Tukima's Dance    |       |       |     5 |    12 |     7 |     1 |       ||    25
       Blade Hands       |       |       |     3 |    20 |    62 |       |       ||    85
       Iskenderun's Myst |       |       |       |       |    14 |    14 |     4 ||    32
       Statue Form       |       |       |       |       |     2 |    79 |    14 ||    95
       Freezing Cloud    |       |       |       |       |       |    29 |       ||    29
       Iron Shot         |       |       |       |       |       |    58 |    38 ||    96
       Orb of Destructio |       |       |       |       |       |     7 |    13 ||    20
       Animate Dead      |       |       |       |       |       |     1 |       ||     1
Invok: Step From Time    |       |       |       |     1 |       |       |       ||     1
       Slouch            |       |       |       |       |     4 |       |       ||     4
 Abil: End Transformatio |       |       |       |       |     1 |       |       ||     1
       Evoke Blink       |       |       |       |       |       |       |     1 ||     1
Evoke: Wand              |       |       |     6 |    18 |    17 |     9 |       ||    50
       Tin of tremorston |       |       |       |       |     6 |     7 |     3 ||    16
       Phantom mirror    |       |       |       |       |     1 |       |       ||     1
       Box of beasts     |       |       |       |       |       |     1 |       ||     1
  Use: Scroll            |       |     2 |     8 |     6 |    15 |    12 |     2 ||    45
       Potion            |       |       |       |     5 |     4 |       |       ||     9
 Stab: Sleeping          |     5 |     4 |     4 |    10 |    19 |     4 |       ||    46
       Distracted        |       |       |       |     1 |     3 |     2 |       ||     6
Armor: Robe              |    17 |       |       |       |       |       |       ||    17
       Steam dragon scal |     4 |    15 |    16 |       |     6 |       |       ||    41
       Skin              |       |       |     5 |    38 |    46 |   536 |    47 ||   672
       Acid dragon scale |       |       |    10 |    37 |    59 |       |       ||   106
       Troll leather arm |       |       |       |       |   103 |    49 |     3 ||   155
Dodge: Dodged            |    77 |    74 |   224 |   280 |   904 |  1684 |   140 ||  3383
Block: Buckler           |       |       |    19 |    58 |   128 |   111 |       ||   316
       Kite shield       |       |       |       |       |       |  1243 |   120 ||  1363

Table legend: (Time is in decaauts)
 A = Elapsed time spent in this place.
 B = Non-inter-level travel time spent in this place.
 C = Inter-level travel time spent in this place.
 D = Time resting spent in this place.
 E = Time spent auto-exploring this place.
 F = Levels seen in this place.
 G = Mean time per level.
                   A        B        C        D        E       F      G
               +--------+--------+--------+--------+--------+-----+--------+
         Total |  58502 |  52322 |   6180 |   7031 |  35670 |  32 | 1828.2 |
       Dungeon |  25479 |  21934 |   3545 |   2631 |  15368 |  15 | 1698.6 |
        Temple |    151 |    130 |     21 |      0 |    119 |   1 |  151.0 |
          Lair |  12788 |  11380 |   1408 |   1180 |   8562 |   6 | 2131.3 |
        Shoals |   8600 |   8127 |    473 |   2363 |   4008 |   4 | 2150.0 |
   Spider Nest |   7857 |   7566 |    291 |    712 |   5529 |   4 | 1964.2 |
  Orcish Mines |   3625 |   3185 |    440 |    143 |   2083 |   2 | 1812.5 |
               +--------+--------+--------+--------+--------+-----+--------+

Top non-repeatable levels by time:
Shoals:3: 3420 daAuts
    D:10: 3000 daAuts
Spider:1: 2660 daAuts
    D:13: 2636 daAuts
  Lair:1: 2481 daAuts
Spider:4: 2346 daAuts
  Lair:6: 2330 daAuts
  Lair:4: 2275 daAuts
     D:9: 2252 daAuts
Shoals:2: 2191 daAuts
    D:15: 2189 daAuts
  Lair:2: 2137 daAuts
    D:12: 2129 daAuts
Spider:2: 1965 daAuts
Shoals:1: 1951 daAuts
